 Dungeon Crawl Stone Soup version 0.20.0-15-g7f486f2 (webtiles) character file.

1962 Gorglomux the Basher (level 9, 0/50 HPs)
             Began as a Gargoyle Air Elementalist on June 11, 2017.
             Slain by a wyvern (7 damage)
             ... on level 8 of the Dungeon.
             The game lasted 00:13:04 (9546 turns).

Gorglomux the Basher (Gargoyle Air Elementalist)    Turns: 9546, Time: 00:13:05

Health: 0/50       AC: 17    Str: 16    XL:     9   Next: 19%
Magic:  12/12      EV:  7    Int: 15    God:
Gold:   448        SH:  0    Dex: 10    Spells: 11/12 levels left

rFire    . . .     SeeInvis .   g - +0 whip
rCold    . . .     Gourm    .   (no shield)
rNeg     + . .     Faith    .   L - +0 chain mail
rPois    ∞         Spirit   .   k - +0 helmet
rElec    +         Reflect  .   (no cloak)
rCorr    .         Harm     .   K - +0 pair of gloves
MR       .....                  J - +0 pair of boots
Stlth    ..........             (no amulet)
Regen    0.2/turn               (no ring)
MPRegen  0.2/turn               (no ring)

@: no status effects
A: negative energy resistance 1, electricity resistance, unbreathing,
petrification resistance, rot immunity, AC +5
a: no special abilities


You were on level 8 of the Dungeon.
You were near starving.

You visited 2 branches of the dungeon, and saw 9 of its levels.

You collected 448 gold pieces.

Inventory:

Hand Weapons
 g - a +0 whip (weapon)
 B - a +0 dagger of holy wrath
Missiles
 Z - a throwing net (quivered)
Armour
 k - a +0 helmet (worn)
 J - a +0 pair of boots (worn)
 K - a +0 pair of gloves (worn)
 L - a +0 chain mail (worn)
 X - a +0 buckler
Jewellery
 V - an uncursed ring of protection from fire {unknown}
Scrolls
 d - 5 scrolls of identify {unknown}
 e - 3 scrolls of enchant armour {unknown}
 h - 9 scrolls of remove curse {unknown}
 i - 3 scrolls of noise {unknown}
 E - a scroll of enchant weapon {unknown}
 G - a scroll of fear {unknown}
 I - 2 scrolls of magic mapping {unknown}
 M - a scroll of amnesia {unknown}
 P - 2 scrolls of recharging {unknown}
 S - a scroll of teleportation {unknown}
 U - a scroll of blinking {unknown}
 Y - 2 scrolls of fog {unknown}
Potions
 H - a potion of agility {unknown}
 O - a potion of brilliance
 Q - 2 potions of curing
 R - a potion of ambrosia
 W - a potion of magic {unknown}
Books
 b - a book of Air

   Spells                             Type                      Level
   a - Shock                          Conjuration/Air              1
   b - Swiftness                      Charms/Air                   2
   c - Static Discharge               Conjuration/Air              3
   d - Airstrike                      Air                          4
   e - Lightning Bolt                 Conjuration/Air              5
 N - a book of Conjurations

   Spells                             Type                      Level
   a - Magic Dart                     Conjuration                  1
   b - Searing Ray                    Conjuration                  2
   c - Dazzling Spray                 Conjuration/Hexes            3
   d - Fulminant Prism                Conjuration/Hexes            4
   e - Force Lance                    Conjuration/Translocation    4
   f - Iskenderun's Mystic Blast      Conjuration                  4
Comestibles
 c - 4 bread rations
 z - 2 meat rations


   Skills:
 - Level 3.0 Fighting
 + Level 10.8 Maces & Flails
 - Level 2.8 Armour
 - Level 1.5 Dodging
 - Level 2.1 Stealth
 - Level 2.0 Spellcasting
 - Level 1.1 Conjurations
 - Level 2.4 Air Magic


You had 11 spell levels left.
You knew the following spells:

 Your Spells              Type           Power        Failure   Level  Hunger
a - Shock                 Conj/Air       #...         88%         1    #......


Dungeon Overview and Level Annotations

Branches:
Dungeon (8/15)             Temple (1/1) D:7
   Lair: D:8-11

Altars:
Ashenzari
Dithmenos
Elyvilon
Gozag
Hepliaklqana
Kikubaaqudgha
Makhleb
Nemelex Xobeh
Qazlal
Ru
Sif Muna
Trog
Uskayaw
Vehumet
Xom
Yredelemnul
Zin
The Shining One
Beogh

Annotations:
D:3 1 runed door
D:4 nikopol's ghost, novice HOFi


Innate Abilities, Weirdness & Mutations

You are resistant to torment.
Your stone body is resilient. (AC +5)
You are immune to poison.
You resist negative energy. (rN+)
You are resistant to electric shocks. (rElec)
You can survive without breathing.
You are immune to petrification.
You are immune to rotting.


Message History

The wyvern bites you!
* * * LOW HITPOINT WARNING * * *
You barely miss the wyvern.
The wyvern is almost dead.
You feel better. The wyvern barely misses you.
The wyvern bites you but does no damage.
You closely miss the wyvern.
The wyvern is almost dead.
The wyvern bites you but does no damage.
You closely miss the wyvern.
The wyvern is almost dead.
The wyvern bites you.
* * * LOW HITPOINT WARNING * * *
You closely miss the wyvern.
The wyvern is almost dead.
The wyvern bites you but does no damage.
You closely miss the wyvern.
The wyvern is almost dead.
The wyvern bites you!
You die...

#.# ###
#.. ....
#.#
#.#.###.#
........##
.........
......l.#
.......@#
..#..#..#
# #..#
.... .....
..$....
##......
#...[##.


You could see a wyvern.

Vanquished Creatures
  The ghost of armaa the Changer, a novice OpTm of Cheibriados (D:6)
  A hippogriff (D:7)
  The ghost of Quirk the Slasher, an amateur VSFi (D:3)
  An ice beast (D:5)
  3 phantoms
  2 bullfrogs (D:6)
  2 scorpions (D:5)
  2 crimson imps (D:7)
  2 bullfrog zombies (D:6)
  3 orc priests
  3 hounds
  6 orc wizards
  An iguana (D:5)
  A worker ant (D:4)
  A hound skeleton (D:5)
  10 adders
  2 shadow imps
  An ooze (D:2)
  2 adder skeletons
  A worm (D:2)
  A dart slug (D:2)
  5 leopard geckos
  17 orcs
  9 giant cockroaches
  9 hobgoblins
  5 jackals (D:4)
  10 kobolds
  3 quokkas
  A ball python (D:4)
  A ball python zombie (D:6)
  8 bats
  7 frilled lizards
  12 goblins
  A jackal skeleton (D:4)
  A leopard gecko skeleton (D:7)
  8 rats
144 creatures vanquished.

Vanquished Creatures (others)
  A fungus (D:3)
1 creature vanquished.

Grand Total: 145 creatures vanquished

Notes
Turn   | Place    | Note
-------+----------+-------------------------------------------
     0 | D:1      | Gorglomux the Gargoyle Air Elementalist began the quest for the Orb.
     0 | D:1      | Reached XP level 1. HP: 10/10 MP: 3/3
   119 | D:1      | Reached skill level 1 in Fighting
   246 | D:1      | Reached XP level 2. HP: 16/16 MP: 0/5
   308 | D:1      | Reached skill level 1 in Armour
   949 | D:1      | Reached XP level 3. HP: 21/21 MP: 6/6
  1463 | D:2      | Found a sacrificial altar of Ru.
  1493 | D:2      | Reached XP level 4. HP: 15/27 MP: 0/7
  1865 | D:2      | Reached skill level 3 in Fighting
  1993 | D:2      | Reached skill level 1 in Maces & Flails
  2349 | D:3      | Reached skill level 2 in Maces & Flails
  2349 | D:3      | Reached XP level 5. HP: 22/32 MP: 2/8
  2962 | D:3      | Noticed Quirk's ghost (amateur VSFi)
  3382 | D:3      | Reached skill level 3 in Maces & Flails
  3398 | D:3      | Found a roughly hewn altar of Beogh.
  3436 | D:3      | Reached XP level 6. HP: 12/37 MP: 4/9
  3700 | D:3      | Killed Quirk's ghost
  3700 | D:3      | Reached skill level 4 in Maces & Flails
  3930 | D:3      | Found a runed door.
  4071 | D:4      | Noticed nikopol's ghost (novice HOFi)
  4295 | D:4      | Reached skill level 5 in Maces & Flails
  4891 | D:4      | Noticed a phantom
  5255 | D:5      | Entered Level 5 of the Dungeon
  5264 | D:5      | Reached XP level 7. HP: 25/41 MP: 10/10
  5394 | D:5      | Reached skill level 6 in Maces & Flails
  5923 | D:5      | Reached skill level 7 in Maces & Flails
  6504 | D:4      | Reached XP level 8. HP: 40/46 MP: 11/11
  6554 | D:5      | Reached skill level 8 in Maces & Flails
  7433 | D:5      | Got a heavily runed scarf
  7439 | D:5      | Identified the scarf of Mottog {Int+4} (You found it on level 5 of the Dungeon)
  7593 | D:6      | Noticed armaa's ghost (novice OpTm)
  7672 | D:6      | Killed armaa's ghost
  7672 | D:6      | Reached skill level 9 in Maces & Flails
  8009 | D:6      | Found a glowing golden altar of the Shining One.
  8110 | D:6      | Reached skill level 10 in Maces & Flails
  8356 | D:6      | Reached XP level 9. HP: 50/50 MP: 12/12
  8665 | D:7      | Found a staircase to the Ecumenical Temple.
  8739 | Temple   | Entered the Ecumenical Temple
  9546 | D:8      | Slain by a wyvern

Skill      XL: |  1  2  3  4  5  6  7  8 |
---------------+-------------------------+-----
Fighting       | 1 2 3 |  3.0
Armour         | 1 2 |  2.8
Maces & Flails | 2 3 5 7 10 | 10.8
Dodging        | |  1.5
Stealth        | |  2.1
Spellcasting   | |  2.0
Conjurations   | |  1.1
Air Magic      | |  2.4

Action                   |  1- 3 |  4- 6 |  7- 9 || total
-------------------------+-------+-------+-------++-------
Melee: Unarmed           |    16 |       |       ||    16
       Whip              |    57 |   386 |   818 ||  1261
 Cast: Shock             |    54 |    59 |       ||   113
  Use: Potion            |     1 |       |     7 ||     8
  Eat: Chunk             |     3 |    14 |     6 ||    23
       Meat ration       |       |       |     1 ||     1
       Royal jelly       |       |       |     1 ||     1
Armor: Robe              |    40 |    41 |       ||    81
       Chain mail        |       |   304 |   443 ||   747
       Skin              |       |       |   100 ||   100
Dodge: Dodged            |    78 |   228 |   181 ||   487
